 Dungeon Crawl Stone Soup version 0.27-a0-679-g77a6b55cf3 (webtiles) character file.

Game seed: 17666046492797702910

73 Alarak the Chopper (level 4, -6/39 HPs)
             Began as a Hill Orc Fighter on Mar 18, 2021.
             Killed from afar by a white imp (10 damage)
             ... with a puff of frost
             ... on level 3 of the Dungeon.
             The game lasted 00:01:56 (2185 turns).

Alarak the Chopper (Hill Orc Fighter)               Turns: 2185, Time: 00:01:56

Health: -6/39      AC:  6    Str: 19    XL:     4   Next: 27%
Magic:  4/4        EV:  7    Int:  8    God:
Gold:   63         SH:  9    Dex: 10    Spells: 3/3 levels left

rFire    . . .     SeeInvis .   a - +0 war axe
rCold    . . .     Faith    .   c - +0 kite shield
rNeg     . . .     Spirit   .   b - +0 scale mail
rPois    .         Reflect  .   (no helmet)
rElec    .         Harm     .   (no cloak)
rCorr    .         Rampage  .   (no gloves)
Will     .....                  (no boots)
Stlth    ..........             (no amulet)
HPRegen  0.13/turn              (no ring)
MPRegen  0.09/turn              (no ring)

@: no status effects
A: no striking features
a: no special abilities


You were on level 3 of the Dungeon.
You visited 1 branch of the dungeon, and saw 3 of its levels.

You collected 63 gold pieces.

Inventory:

Hand Weapons
 a - a +0 war axe (weapon)
Armour
 b - a +0 scale mail (worn)
 c - a +0 kite shield (worn)
Scrolls
 e - 2 scrolls of fear {unknown}
 h - a scroll of amnesia {unknown}
 j - 2 scrolls of identify {unknown}
 k - a scroll of teleportation {unknown}
 l - a scroll of torment {unknown}
Potions
 d - a potion of might
 f - a potion of heal wounds {unknown}
 g - 2 potions of curing {unknown}
 i - 2 potions of mutation {unknown}


   Skills:
 - Level 3.6 Fighting
 + Level 5.9 Axes
 - Level 3.2 Armour
 - Level 3.2 Shields


You had 3 spell levels left.
You didn't know any spells.
Your spell library contained the following spells:

 Spells                   Type           Power      Damage    Failure   Level
 Confusing Touch          Hex            0%         N/A       100%        3
 Gell's Gravitas          Tloc           0%         N/A       100%        3
 Petrify                  Tmut/Erth      0%         N/A       100%        4
 Metabolic Englaciation   Hex/Ice        0%         N/A       100%        5
 Yara's Violent Unravell  Hex/Tmut       0%         3d3       100%        5


Dungeon Overview and Level Annotations

Branches:
Dungeon (3/15)

Altars:
Qazlal


Message History

The white imp is almost dead.
You hit the kobold. You block the kobold's attack.
The white imp gestures at you. The puff of frost hits you!
You closely miss the white imp.
The white imp is almost dead.
You hit the kobold but do no damage. The kobold hits you but does no damage.
The white imp gestures at you. The puff of frost hits you!
The kobold barely misses you.
The white imp hits you but does no damage.
You barely miss the white imp.
The white imp is almost dead.
Your scale mail prevents you from hitting the kobold.
You block the kobold's attack. The white imp gestures at you.
The puff of frost hits you!
You are too injured to fight recklessly!
You are too injured to fight recklessly!
You are too injured to fight recklessly!
You are too injured to fight recklessly!
You are too injured to fight recklessly!
You are too injured to fight recklessly!
You are too injured to fight recklessly!
You are too injured to fight recklessly!
You are too injured to fight recklessly!
You miss the kobold.
The kobold is heavily wounded.
You block the kobold's attack.
You slash the kobold!
You kill the kobold!
The white imp gestures at you. The puff of frost hits you!
* * * LOW HITPOINT WARNING * * *
The white imp gestures at you. The puff of frost hits you.
* * * LOW HITPOINT WARNING * * *
The white imp shouts, "Away with thee, thou fobbing tip-merry whip-jack!"
The white imp gestures at you. The puff of frost hits you!
You die...

#......#.#
.######.#.#
..........#
#######.###
...#.#
#####.#.###.###
.......).......
.##.#.#.###.###
#.#@# # #5....#
...##.# ....#
.....# ......#
.......#
........#


You could see a white imp.

Vanquished Creatures
  A worker ant (D:2)
  A worm (D:2)
  A dart slug (D:1)
  A leopard gecko (D:1)
  A ball python (D:1)
  A giant cockroach (D:1)
  6 goblins
  5 hobgoblins
  2 quokkas (D:1)
  6 bats
  6 frilled lizards
  3 kobolds
  7 rats
41 creatures vanquished.

Notes
Turn   | Place    | Note
-------+----------+-------------------------------------------
     0 | D:1      | Alarak the Hill Orc Fighter began the quest for the Orb.
     0 | D:1      | Reached XP level 1. HP: 19/19 MP: 1/1
    71 | D:1      | Reached skill level 3 in Axes
   460 | D:1      | Reached XP level 2. HP: 26/26 MP: 2/2
   586 | D:1      | Reached skill level 4 in Axes
  1036 | D:1      | Reached XP level 3. HP: 30/31 MP: 3/3
  1571 | D:2      | Reached skill level 5 in Axes
  1571 | D:2      | Reached XP level 4. HP: 26/39 MP: 4/4
  1760 | D:2      | Found a stormy altar of Qazlal.
  2185 | D:3      | Killed from afar by a white imp

Illustrated notes

Levels and vault maps discovered:
D:1:      lemuel_arrival_tunnels, layout_basic
D:2:      layout_rooms, marbit_many_paths
D:3:      layout_basic, kennysheep_minor_cross

Skill      XL: |  1  2  3 |
---------------+----------+-----
Axes           | 3 4 5 |  5.9
Fighting       | |  3.6
Armour         | |  3.2
Shields        | |  3.2

Action                   |  1- 3 |  4- 6 || total
-------------------------+-------+-------++-------
Melee: War axe           |    97 |    34 ||   131
Armor: Scale mail        |    53 |    14 ||    67
Dodge: Dodged            |    30 |    11 ||    41
Block: Kite shield       |    46 |    19 ||    65

Table legend: (Time is in decaauts)
 A = Elapsed time spent in this place.
 B = Non-inter-level travel time spent in this place.
 C = Inter-level travel time spent in this place.
 D = Time resting spent in this place.
 E = Time spent auto-exploring this place.
 F = Levels seen in this place.
 G = Mean time per level.
                   A        B        C        D        E       F      G
               +--------+--------+--------+--------+--------+-----+--------+
         Total |   2252 |   2183 |     69 |    140 |   1730 |   3 |  750.7 |
       Dungeon |   2252 |   2183 |     69 |    140 |   1730 |   3 |  750.7 |
               +--------+--------+--------+--------+--------+-----+--------+

Top non-repeatable levels by time:
     D:1: 1528 daAuts
     D:2: 648 daAuts
     D:3: 75 daAuts
